 Dungeon Crawl Stone Soup version 0.26.1-11-gd32895ea62 (webtiles) character file.

Game seed: 15124772840573906865

196 phalm the Magician (level 5, -3/37 HPs)
             Began as a Gnoll Hedge Wizard on May 10, 2021.
             Slain by an orc wizard
             ... wielding a +1 dagger of venom
              (6 damage)
             ... on level 4 of the Dungeon.
             The game lasted 00:10:57 (3218 turns).

phalm the Magician (Gnoll Hedge Wizard)             Turns: 3218, Time: 00:10:57

Health: -3/37      AC: 10    Str: 12    XL:     5   Next: 74%
Magic:  4/14       EV: 15    Int: 17    God:
Gold:   185        SH:  0    Dex: 15    Spells: 10/18 levels left

rFire    . . .     SeeInvis .   h - +2 whip (freeze)
rCold    . . .     Faith    .   (no shield)
rNeg     . . .     Spirit   .   b - +0 robe
rPois    .         Reflect  .   c - +0 hat
rElec    .         Harm     .   (no cloak)
rCorr    .         Rampage  .   a - +2 pair of gloves
Will     .....                  i - +0 pair of boots
Stlth    +++.......             (no amulet)
HPRegen  0.12/turn              O - +4 ring of protection
MPRegen  0.14/turn              (no ring)

@: lethally poisoned (-3 -> -10)
A: distributed training, fangs 1, strong nose
a: no special abilities


You were on level 4 of the Dungeon.
You visited 1 branch of the dungeon, and saw 4 of its levels.

You collected 185 gold pieces.


Innate Abilities, Weirdness & Mutations

Your experience applies equally to all skills.
You have very sharp teeth.
Your uncanny sense of smell can sniff out nearby items.


   Skills:
 + Level 1.6 Fighting
 + Level 1.6 Short Blades
 + Level 1.6 Long Blades
 + Level 1.6 Axes
 + Level 1.6 Maces & Flails
 + Level 1.6 Polearms
 + Level 1.6 Staves
 + Level 1.6 Slings
 + Level 1.6 Bows
 + Level 1.6 Crossbows
 + Level 1.6 Throwing
 + Level 1.6 Armour
 + Level 4.8 Dodging
 + Level 4.4 Stealth
 + Level 1.6 Shields
 + Level 1.6 Unarmed Combat
 + Level 7.3 Spellcasting
 + Level 2.4 Conjurations
 + Level 1.3 Hexes
 + Level 2.4 Summonings
 + Level 1.3 Necromancy
 + Level 2.4 Translocations
 + Level 1.3 Transmutations
 + Level 1.3 Fire Magic
 + Level 1.3 Ice Magic
 + Level 1.3 Air Magic
 + Level 1.3 Earth Magic
 + Level 1.3 Poison Magic
 + Level 1.8 Invocations
 + Level 1.6 Evocations


You had 10 spell levels left.
You knew the following spells:

 Your Spells              Type           Power        Failure   Level
c - Call Imp              Summ           14%          6%          2
d - Mephitic Cloud        Conj/Pois/Air  12%          17%         3
m - Magic Dart            Conj           56%          4%          1
B - Blink                 Tloc           N/A          6%          2

Your spell library contained the following spells:

 Spells                   Type           Power        Failure   Level
 Slow                     Hex            10%          10%         2
 Conjure Flame            Conj/Fire      12%          16%         3

Inventory:

Hand Weapons
 h - a +2 whip of freezing (weapon)
   (You took it off a kobold on level 1 of the Dungeon)
Missiles
 f - 85 stones
 m - 28 bolts
 q - 4 silver boomerangs
Armour
 a - a +2 pair of gloves (worn)
   (You found it on level 1 of the Dungeon)
 b - a +0 robe (worn)
 c - a +0 hat (worn)
 i - a +0 pair of boots (worn)
   (You found it on level 1 of the Dungeon)
Jewellery
 C - an uncursed ring of ice
   (You found it on level 1 of the Dungeon)
 O - a +4 ring of protection (left hand)
   (You found it on level 4 of the Dungeon)
Wands
 d - a wand of acid (12)
   (You found it on level 3 of the Dungeon)
 k - a wand of flame (23)
   (You found it on level 2 of the Dungeon)
Scrolls
 e - 2 scrolls of teleportation {unknown}
 g - 2 scrolls of fear {unknown}
 l - a scroll of enchant weapon {unknown}
 n - 2 scrolls of identify {unknown}
 o - 3 scrolls of remove curse {unknown}
Potions
 j - a potion of attraction {unknown}
 p - a potion of invisibility {unknown}
 r - 2 potions of curing {unknown}
 s - a potion of degeneration {unknown}
 t - a potion of flight {unknown}

Dungeon Overview and Level Annotations

Branches:
Dungeon (4/15)
 Temple: D:4-7

Altars:
Fedhas
Ru
Yredelemnul
The Shining One

#.###..#$≈≈≈.#.. ....#
...##..#≈...≈#.. .o..#
...#...#≈._.≈#.# ....#
#......#≈...≈#.# ....#
##.....#.≈≈≈.#.#####..?.##
#.....#..5..#.#..#5)....#
##......#...#.#....o5...##
#........#.#.##...5.......#
####...##.#...<.@o....#.###
##...##....).....### #
#....###.........# #>...#
#........## ##...#
##......... .....
........... ∆
#...###..........##
##.........# ..........


You could see an orc priest, an orc, a friendly iron imp (summoned) and 2
friendly crimson imps.


Message History

The magic dart hits the hound.
The orc priest invokes the aid of Beogh against you.
Beogh smites you! 😮 HP[-12]
You take 12 damage, and now have 25/37 hp.
MASSIVE DAMAGE!! (PAUSE)
The hound barely misses you. 😮 HP[+1]
You swap places.
The hound closely misses you.
Your crimson imp barely misses the orc.
Casting: Magic Dart (safe; 4% risk of failure)
Confirm with . or Enter, or press ? or * to list all spells.
A metallic apparition takes form in the air.
The orc hits your crimson imp but does no damage.
The hound misses you.
Something hits your iron imp but does no damage.
Your crimson imp barely misses the orc. 😮 MP[-2]
You lost 2 mp, and now have 4/14 mp.
Casting: Call Imp (safe; 6% risk of failure)
Confirm with . or Enter, or press ? or * to list all spells.
A beastly little devil appears in a puff of flame.
The hound barely misses you.
The orc hits your crimson imp with a +0 whip.
The orc priest calls down the wrath of Beogh upon you.
Beogh smites you!
* * * LOW HITPOINT WARNING * * *
A magic dart appears from out of thin air!
The magic dart hits your iron imp! The hound bites you but does no damage.
Your crimson imp hits the orc. 😨 HP[-10] MP[-2]
You take 10 damage, and now have 16/37 hp.
MASSIVE DAMAGE!! (PAUSE)
You lost 2 mp, and now have 2/14 mp.
You closely miss the hound.
Your crimson imp disappears in a puff of smoke!
The orc hits your crimson imp with a +0 whip.
The orc priest calls upon Beogh to heal the orc.
The orc's wounds heal themselves!
The hound closely misses you.
Your crimson imp barely misses the hound.
Your crimson imp hits the orc.
You hit the hound. You freeze the hound. The hound misses you.
The orc priest calls upon Beogh to heal the orc.
The orc's wounds heal themselves!
The orc hits your crimson imp with a +0 whip.
Your iron imp barely misses the hound.
Something hits your iron imp. The hound misses you.
Your crimson imp hits the orc.
Your crimson imp barely misses the hound. 😨 MP[+1]
You hit the hound. You freeze the hound. You bite the hound, but do no damage.
The orc hits your crimson imp but does no damage.
The hound closely misses you. Something barely misses your iron imp.
Your iron imp misses the hound.
Your crimson imp hits the orc.
Your crimson imp barely misses the hound.
You closely miss the hound. The hound bites you but does no damage.
The orc barely misses your crimson imp. Something hits your iron imp.
Your iron imp completely misses the hound.
The hound completely misses you.
Your crimson imp hits the orc.
Your crimson imp barely misses the hound.
You hit the hound. You freeze the hound.
You kill the hound!
The orc hits your crimson imp with a +0 whip.
Something hits your iron imp but does no damage.
Your crimson imp closely misses the orc. 😨 HP[+1]
You closely miss the orc priest.
The orc hits your crimson imp with a +0 whip.
The orc hits your iron imp but does no damage.
Your crimson imp blinks!
The orc priest barely misses you.
Your iron imp closely misses the orc.
You hit the orc priest. You freeze the orc priest.
The orc hits your iron imp but does no damage.
You hear some strange, mumbled words.
Something tries to affect you, but you resist.
The orc priest hits you but does no damage.
The orc hits your crimson imp but does no damage.
You hit the orc priest. You freeze the orc priest.
Your iron imp completely misses the orc.
The orc closely misses your iron imp. Something hits you.
* * * LOW HITPOINT WARNING * * *
You are poisoned.
Your crimson imp completely misses the orc.
Your crimson imp hits the orc.
The orc dies!
The orc priest calls down the wrath of Beogh upon you.
Beogh smites you!
* * * LOW HITPOINT WARNING * * *
😱 HP[-13] MP[+1]
You take 13 damage, and now have 4/37 hp.
MASSIVE DAMAGE!! (PAUSE)
Press: ? - help, v - describe, . - travel, g - get item
Here: an orc priest (heavily wounded) Item here: a hound corpse.
The floor.
You hit the orc priest. You freeze the orc priest.
* * * LOW HITPOINT WARNING * * *
You feel sick.
The orc hits your iron imp with a +0 falchion!
Something hits you.
You die...

Skill      XL: |  1  2  3  4 |
---------------+-------------+-----
Conjurations   | 2 |  2.4
Summonings     | 2 |  2.4
Translocations | 2 |  2.4
Invocations    | 1 |  1.8
Fighting       | 1 |  1.6
Short Blades   | 1 |  1.6
Long Blades    | 1 |  1.6
Axes           | 1 |  1.6
Maces & Flails | 1 |  1.6
Polearms       | 1 |  1.6
Staves         | 1 |  1.6
Slings         | 1 |  1.6
Bows           | 1 |  1.6
Crossbows      | 1 |  1.6
Throwing       | 1 |  1.6
Armour         | 1 |  1.6
Shields        | 1 |  1.6
Unarmed Combat | 1 |  1.6
Evocations     | 1 |  1.6
Hexes          | 1 |  1.3
Necromancy     | 1 |  1.3
Transmutations | 1 |  1.3
Fire Magic     | 1 |  1.3
Ice Magic      | 1 |  1.3
Air Magic      | 1 |  1.3
Earth Magic    | 1 |  1.3
Poison Magic   | 1 |  1.3
Dodging        | |  4.8
Stealth        | |  4.4
Spellcasting   | |  7.3

Action                   |  1- 3 |  4- 6 || total
-------------------------+-------+-------++-------
Melee: Dagger            |    12 |       ||    12
       Bite              |     1 |     1 ||     2
       Whip              |       |    37 ||    37
 Cast: Magic Dart        |    64 |    69 ||   133
       Call Imp          |     3 |     8 ||    11
Armor: Robe              |     4 |    17 ||    21
Dodge: Dodged            |    13 |    42 ||    55

Levels and vault maps discovered:
D:1:      saegor_arrival_simple_d, layout_rooms
D:2:      layout_rooms, grunt_temple_overflow_holy_war,
          chequers_ecumenical_altar_grove, uniq_natasha
D:3:      layout_loops_corners, fedhas_altar_2
D:4:      layout_cave_pools, kennysheep_another_room, nicolae_ru_awakened_eye

Notes
Turn   | Place    | Note
-------+----------+-------------------------------------------
     0 | D:1      | phalm the Gnoll Hedge Wizard began the quest for the Orb.
     0 | D:1      | Reached XP level 1. HP: 13/13 MP: 8/8
     0 | D:1      | magus.rc [v1.9.10]
    33 | D:1      | Reached skill level 2 in Conjurations
    33 | D:1      | Reached skill level 2 in Summonings
    33 | D:1      | Reached skill level 2 in Translocations
    72 | D:1      | Reached XP level 2. HP: 9/20 MP: 0/10
    75 | D:1      | Learned a level 2 spell: Call Imp
   757 | D:1      | Reached XP level 3. HP: 25/25 MP: 8/11
  1121 | D:2      | Found a faded altar of an unknown god.
  1210 | D:2      | Found a basalt altar of Yredelemnul.
  1212 | D:2      | Noticed a profane servitor
  1219 | D:2      | Noticed Natasha
  1224 | D:2      | Found a glowing golden altar of the Shining One.
  1229 | D:2      | Killed Natasha
  1230 | D:2      | Reached skill level 1 in Invocations
  1233 | D:2      | Noticed an angel
  1462 | D:2      | Reached skill level 1 in Fighting
  1462 | D:2      | Reached skill level 1 in Short Blades
  1462 | D:2      | Reached skill level 1 in Long Blades
  1462 | D:2      | Reached skill level 1 in Axes
  1462 | D:2      | Reached skill level 1 in Maces & Flails
  1462 | D:2      | Reached skill level 1 in Polearms
  1462 | D:2      | Reached skill level 1 in Staves
  1462 | D:2      | Reached skill level 1 in Slings
  1462 | D:2      | Reached skill level 1 in Bows
  1462 | D:2      | Reached skill level 1 in Crossbows
  1462 | D:2      | Reached skill level 1 in Throwing
  1462 | D:2      | Reached skill level 1 in Armour
  1462 | D:2      | Reached skill level 1 in Shields
  1462 | D:2      | Reached skill level 1 in Unarmed Combat
  1462 | D:2      | Reached skill level 1 in Evocations
  1462 | D:2      | Reached XP level 4. HP: 31/32 MP: 4/13
  2669 | D:3      | Found a blossoming altar of Fedhas.
  2749 | D:3      | Reached skill level 1 in Hexes
  2749 | D:3      | Reached skill level 1 in Necromancy
  2749 | D:3      | Reached skill level 1 in Transmutations
  2749 | D:3      | Reached skill level 1 in Fire Magic
  2749 | D:3      | Reached skill level 1 in Ice Magic
  2749 | D:3      | Reached skill level 1 in Air Magic
  2749 | D:3      | Reached skill level 1 in Earth Magic
  2749 | D:3      | Reached skill level 1 in Poison Magic
  2928 | D:4      | Found a sacrificial altar of Ru.
  3005 | D:4      | Reached XP level 5. HP: 23/37 MP: 5/14
  3040 | D:3      | Learned a level 2 spell: Blink
  3044 | D:3      | Learned a level 3 spell: Mephitic Cloud
  3217 | D:4      | HP: 4/37 [orc priest/divine providence (12)]
  3218 | D:4      | Slain by an orc wizard

Vanquished Creatures
  A hound (D:4)
  An iguana (D:4)
  A worker ant (D:4)
  2 gnolls
  2 adders
  A worm (D:3)
  A dart slug (D:1)
  4 orcs (D:3)
  6 goblins
  A hobgoblin (D:1)
  5 jackals (D:1)
  6 kobolds
  A ball python (D:2)
  7 bats
  3 frilled lizards
  7 rats
49 creatures vanquished.

Vanquished Creatures (collateral kills)
  Natasha (D:2)
  5 orcs
  2 hobgoblins
  A quokka skeleton (D:4)
9 creatures vanquished.

Grand Total: 58 creatures vanquished

Table legend:
 A = Non-vault XP
 B = Vault XP
 C = Vault XP percentage of total XP
 D = Non-vault monster count
 E = Vault monster count
 F = Vault count percentage of total count
                 A         B        C        D         E       F
            +---------+---------+-------+---------+---------+-------
      Total |     259 |      21 |   7.5 |      57 |       1 |   1.7
            +---------+---------+-------+---------+---------+-------
        D:1 |      35 |       0 |   0.0 |      20 |       0 |   0.0
        D:2 |      28 |      21 |  42.9 |      11 |       1 |   8.3
        D:3 |      67 |       0 |   0.0 |      20 |       0 |   0.0
        D:4 |     129 |       0 |   0.0 |       6 |       0 |   0.0
            +---------+---------+-------+---------+---------+-------

Illustrated notes

Table legend:
 A = Kills in this place as a percentage of kills in entire the game.
 B = Kills by you in this place as a percentage of kills by you in the entire game.
 C = Kills by friends in this place as a percentage of kills by friends in the entire game.
 D = Other kills in this place as a percentage of other kills in the entire game.
 E = Experience gained in this place as a percentage of experience gained in the entire game.
 F = Experience gained in this place divided by the number of levels of this place that you have seen.
                   A       B       C       D       E      F
               +-------+-------+-------+-------+-------+----------------------
         Total | 100.0 | 100.0 | 100.0 |   N/A | 100.0 |  70.0
       Dungeon | 100.0 | 100.0 | 100.0 |   N/A | 100.0 |  70.0
               +-------+-------+-------+-------+-------+----------------------

Table legend: (Time is in decaauts)
 A = Elapsed time spent in this place.
 B = Non-inter-level travel time spent in this place.
 C = Inter-level travel time spent in this place.
 D = Time resting spent in this place.
 E = Time spent auto-exploring this place.
 F = Levels seen in this place.
 G = Mean time per level.
                   A        B        C        D        E       F      G
               +--------+--------+--------+--------+--------+-----+--------+
         Total |   3216 |   3153 |     63 |      6 |   2764 |   4 |  804.0 |
       Dungeon |   3216 |   3153 |     63 |      6 |   2764 |   4 |  804.0 |
               +--------+--------+--------+--------+--------+-----+--------+

Top non-repeatable levels by time:
     D:3: 1419 daAuts
     D:1: 899 daAuts
     D:2: 748 daAuts
     D:4: 148 daAuts
